cohdb
Replays
Latest Replays
All Replays
Popular Replays
Top Player Replays
Match Explorer
How It Works
Community
CoH3 Stats
Reddit
Sign in to upload your games and track your stats! →
Sign in with Steam
Match 24871341
Unlisted
Match 24871341
Overview
Messages
Build Orders
End
Panzergrenadier Squad
Panzerpioneer Squad
Selects Armored Support Battlegroup
Kradschützen Motorcycle Team
250 Light Carrier
Construct Light Support Kompanie
MG34 Team
Construct Mechanized Kompanie
Selects Superior Fire Drills
8 Rad Armored Car
Vehicle Survival Package
Assault Mechanized Group
Support Armor Elements
StuG III D Assault Gun
Emergency Repair Kits
Selects Flammpanzer III Medium Tank Sd.Kfz. 141
Marder III Tank Destroyer
StuG III D Assault Gun
Selects Command Panzer IV F Medium Tank
Command Panzer IV F Medium Tank
Wrathment
ERytters
0
0
Comments
sign in to comment!
No comments posted yet!